 Dungeon Crawl Stone Soup version 0.29.1-2-gbd0b4ee654 (webtiles) character file.

Game seed: 4001806078649110925

256 MisterFreud the Covert (level 6, -7/53 HPs)
             Began as a Gnoll Delver on Oct 28, 2022.
             Splashed by a jelly's acid (10 damage)
             ... on level 4 of the Dungeon.
             The game lasted 00:03:34 (3677 turns).

MisterFreud the Covert (Gnoll Delver)               Turns: 3677, Time: 00:03:35

Health: -7/53      AC: -6    Str: 12    XL:     6   Next: 15%
Magic:  8/8        EV:  6    Int: 11    God:
Gold:   140        SH:  0    Dex: 13    Spells: 8/8 levels left

rFire   . . .      SeeInvis .   a - +0 short sword
rCold   . . .      Faith    .   (no shield)
rNeg    . . .      Spirit   .   r - +0 chain mail {Will+}
rPois   .          Reflect  .   (no helmet)
rElec   .          Harm     .   m - +0 cloak
rCorr   .          Rampage  .   (no gloves)
Will    +....                   (no boots)
Stlth   +.........              (no amulet)
HPRegen 0.17/turn               (no ring)
MPRegen 0.11/turn               (no ring)

@: corroded
A: fangs 1, strong nose, distributed training
a: no special abilities


You were on level 4 of the Dungeon.
You visited 1 branch of the dungeon, and saw 6 of its levels.

You collected 140 gold pieces.

Inventory:

Hand Weapons
 a - a +0 short sword (weapon)
Armour
 b - a +0 leather armour
 m - a +0 cloak (worn)
 r - a +0 chain mail of willpower (worn)
Jewellery
 q - a ring of see invisible
Wands
 g - a wand of digging (3)
Scrolls
 c - a scroll of fog
 d - a scroll of magic mapping
 e - 2 scrolls of fear
 k - 2 scrolls of amnesia
Potions
 f - a potion of haste
 h - 2 potions of might
 i - 3 potions of degeneration
 j - 3 potions of flight
 l - 2 potions of attraction
 n - 2 potions of curing
 o - a potion of berserk rage {unknown}
 p - a potion of heal wounds


   Skills:
 + Level 6.8 Fighting
 + Level 5.0 Short Blades
 + Level 1.9 Long Blades
 + Level 1.9 Axes
 + Level 1.9 Maces & Flails
 + Level 1.9 Polearms
 + Level 1.9 Staves
 + Level 1.9 Ranged Weapons
 + Level 1.9 Throwing
 + Level 1.9 Armour
 + Level 5.0 Dodging
 + Level 9.8 Stealth
 + Level 1.9 Shields
 + Level 1.9 Unarmed Combat
 + Level 1.9 Spellcasting
 + Level 1.5 Conjurations
 + Level 1.5 Hexes
 + Level 1.5 Summonings
 + Level 1.5 Necromancy
 + Level 1.5 Translocations
 + Level 1.5 Transmutations
 + Level 1.5 Fire Magic
 + Level 1.5 Ice Magic
 + Level 1.5 Air Magic
 + Level 1.5 Earth Magic
 + Level 1.5 Poison Magic
 + Level 2.1 Invocations
 + Level 1.9 Evocations


You had 8 spell levels left.
You didn't know any spells.
Your spell library contained the following spells:

 Spells                   Type           Power      Damage    Failure   Level
 Apportation              Tloc           8%         N/A       100%        1
 Shock                    Conj/Air       16%        1d4       100%        1
 Static Discharge         Conj/Air       4%         3-4/arc   100%        2
 Swiftness                Air            4%         N/A       100%        3
 Airstrike                Air            2%         2d(1-17)  100%        4
 Hailstorm                Conj/Ice       4%         3d4       100%        4
 Ice Form                 Ice/Tmut       4%         N/A       100%        4
 Alistair's Intoxication  Tmut/Pois      2%         N/A       100%        5
 Lightning Bolt           Conj/Air       2%         1d13      100%        5
 Simulacrum               Ice/Necr       2%         N/A       100%        6
 Maxwell's Capacitive Co  Air            2%         ∞         100%        8


Dungeon Overview and Level Annotations

Branches:
Dungeon (6/15)
 Temple: D:4-7

Altars:

Shops:
D:6 :


Innate Abilities, Weirdness & Mutations

You have very sharp teeth.
Your uncanny sense of smell can sniff out nearby items.
Your experience applies equally to all skills.


Message History

You hit the jelly. The acid corrodes you!
Your hands burn!
The jelly is moderately wounded.
The jelly hits you but does no damage.
A jelly is nearby!
You hit the jelly but do no damage.
Your hands burn!
The jelly is moderately wounded.
The jelly barely misses you.
You hit the jelly but do no damage.
Your hands burn!
The jelly is moderately wounded.
The jelly hits you but does no damage.
You hit the jelly.
Your hands burn!
You bite the jelly, but do no damage.
The jelly is moderately wounded.
The jelly hits you but does no damage.
You hit the jelly.
Your hands burn!
You bite the jelly, but do no damage.
The jelly is heavily wounded.
You hit the jelly but do no damage.
Your hands burn!
The jelly is heavily wounded.
The jelly barely misses you.
You hit the jelly. The acid corrodes you!
Your hands burn!
The jelly is heavily wounded.
The jelly barely misses you.
You hit the jelly.
Your hands burn!
The jelly is severely wounded.
The jelly hits you. The acid corrodes you!
You are splashed with acid.
You hit the jelly but do no damage.
Your hands burn!
You punch the jelly, but do no damage. You bite the jelly, but do no damage.
The jelly is severely wounded.
The jelly barely misses you.
You hit the jelly but do no damage.
Your hands burn!
The jelly is severely wounded.
The jelly hits you.
You are splashed with acid!
* * * LOW HITPOINT WARNING * * *
You hit the jelly but do no damage. The acid corrodes you!
Your hands burn!
* * * LOW HITPOINT WARNING * * *
You bite the jelly, but do no damage.
The jelly is severely wounded.
The jelly hits you.
* * * LOW HITPOINT WARNING * * *
You are splashed with acid!
You die...

∆#...)..................
##...........##........
#............##......†.
###.....###............. .
#........##............# ...
###.......##.........####
.....#.....#######.........#
...).#.......###.#.........#
........##..J@.............#
.......).####.............##
.......#..#####..#........#
.......#...###...##...#####
.......#..##.#......###
..........#........##
..#.....####..##...#
.##...##...#..#...## ####
#.[.........#


You could see a jelly.

Vanquished Creatures
  An ogre (D:5)
  A hound (D:5)
  Terence (D:3)
  5 adders
  A dart slug (D:1)
  3 orcs
  7 ball pythons
  4 endoplasms
  3 giant cockroaches
  5 goblins
  8 hobgoblins
  6 jackals
  7 kobolds
  6 quokkas
  A bat (D:1)
  2 frilled lizards
  6 rats
67 creatures vanquished.

Notes
Turn   | Place    | Note
-------+----------+-------------------------------------------
     0 | D:5      | Reached skill level 9 in Stealth
     0 | D:5      | MisterFreud the Gnoll Delver began the quest for the Orb.
     0 | D:5      | Reached XP level 1. HP: 23/23 MP: 1/1
     3 | D:6      | Found Jenob's Book Shop.
    77 | D:5      | Noticed an ogre
    80 | D:5      | Killed an ogre
    81 | D:5      | Reached skill level 1 in Long Blades
    81 | D:5      | Reached skill level 1 in Axes
    81 | D:5      | Reached skill level 1 in Maces & Flails
    81 | D:5      | Reached skill level 1 in Polearms
    81 | D:5      | Reached skill level 1 in Staves
    81 | D:5      | Reached skill level 1 in Ranged Weapons
    81 | D:5      | Reached skill level 1 in Throwing
    81 | D:5      | Reached skill level 1 in Armour
    81 | D:5      | Reached skill level 1 in Shields
    81 | D:5      | Reached skill level 1 in Unarmed Combat
    81 | D:5      | Reached skill level 1 in Spellcasting
    81 | D:5      | Reached skill level 1 in Conjurations
    81 | D:5      | Reached skill level 1 in Hexes
    81 | D:5      | Reached skill level 1 in Summonings
    81 | D:5      | Reached skill level 1 in Necromancy
    81 | D:5      | Reached skill level 1 in Translocations
    81 | D:5      | Reached skill level 1 in Transmutations
    81 | D:5      | Reached skill level 1 in Fire Magic
    81 | D:5      | Reached skill level 1 in Ice Magic
    81 | D:5      | Reached skill level 1 in Air Magic
    81 | D:5      | Reached skill level 1 in Earth Magic
    81 | D:5      | Reached skill level 1 in Poison Magic
    81 | D:5      | Reached skill level 1 in Invocations
    81 | D:5      | Reached skill level 1 in Evocations
    81 | D:5      | Reached XP level 2. HP: 29/29 MP: 1/3
    81 | D:5      | Reached XP level 3. HP: 35/35 MP: 1/4
    81 | D:5      | Reached XP level 4. HP: 41/41 MP: 1/5
   296 | D:3      | Reached XP level 5. HP: 47/47 MP: 7/7
   332 | D:3      | Noticed Terence
   375 | D:3      | Killed Terence
  2480 | D:2      | Reached XP level 6. HP: 48/53 MP: 8/8
  3631 | D:4      | Reached skill level 5 in Short Blades
  3631 | D:4      | Reached skill level 5 in Dodging
  3677 | D:4      | Splashed by a jelly's acid

Illustrated notes

Levels and vault maps discovered:
D:1:      heliophobic_arrival_ceremonial_halls, layout_loops_ring,
          nicolae_kite_square_tiling_tiny, roderic_lattice_a
D:2:      layout_rooms
D:3:      layout_loops_corners, uniq_terence
D:4:      layout_cave_pools, minitemple
D:5:      layout_loops_corners, kennysheep_generic_room_13
D:6:      layout_cave_pools, mainiacjoe_overflow_concentric_impassable,
          temple_fountains, serial_shops, nicolae_inconvenience_store,
          kennysheep_mini_moat, nicolae_stop_n_shop_2, nicolae_shop_waterfront,
          nicolae_shop_waterfront

Skill      XL: |  1  2  3  4  5  6 |
---------------+-------------------+-----
Stealth        | |  9.8
Long Blades    | 1 |  1.9
Axes           | 1 |  1.9
Maces & Flails | 1 |  1.9
Polearms       | 1 |  1.9
Staves         | 1 |  1.9
Ranged Weapons | 1 |  1.9
Throwing       | 1 |  1.9
Armour         | 1 |  1.9
Shields        | 1 |  1.9
Unarmed Combat | 1 |  1.9
Spellcasting   | 1 |  1.9
Conjurations   | 1 |  1.5
Hexes          | 1 |  1.5
Summonings     | 1 |  1.5
Necromancy     | 1 |  1.5
Translocations | 1 |  1.5
Transmutations | 1 |  1.5
Fire Magic     | 1 |  1.5
Ice Magic      | 1 |  1.5
Air Magic      | 1 |  1.5
Earth Magic    | 1 |  1.5
Poison Magic   | 1 |  1.5
Invocations    | 1 2 |  2.1
Evocations     | 1 |  1.9
Short Blades   | 5 |  5.0
Dodging        | 5 |  5.0
Fighting       | |  6.8

Action                   |  1- 3 |  4- 6 || total
-------------------------+-------+-------++-------
Melee: Short sword       |     1 |   278 ||   279
       Bite              |       |    28 ||    28
       Punch             |       |     4 ||     4
  Use: Scroll            |       |    10 ||    10
 Stab: Sleeping          |     1 |    19 ||    20
Armor: Leather armour    |       |    29 ||    29
       Chain mail        |       |    58 ||    58
Dodge: Dodged            |       |   134 ||   134
